[Event "Romanian Rapid Open 2022"]
[Site "Sebes"]
[Date "2022.12.02"]
[Round "5.22"]
[White "Arandjelovic, Aleksandar Z"]
[Black "Cosma, Elena-Luminita"]
[Result "0-1"]
[ECO "B14"]
[WhiteElo "1899"]
[BlackElo "2244"]
[Annotator "TA"]
[PlyCount "70"]
[EventDate "2022.12.02"]
[EventType "rapid"]
[EventCountry "ROU"]
[SourceTitle "playchess.com"]
[Source "ChessBase"]
[SourceQuality "1"]
[TimeControl "600+5"]

1. d4 d5 2. c4 e6 3. Nc3 Nf6 4. cxd5 Nxd5 5. e3 c5 6. Nf3 Nc6 7. Bb5 cxd4 8. exd4 Bb4 9. Bd2 O-O {[%emt 0:00:02] B14: Caro-Kann: Panov-Botvinnik Attack with 5...e6 and 5...g6.} 10. O-O Nce7 {[%emt 0:00:19] [#]} 11. Ne5 $146 (11. Bd3 {simplifies} b6 12. Qe1 Bd6 13. Nxd5 exd5 14. Qb1) ({Predecessor:} 11. a3 Bd6 12. Bd3 b6 13. Re1 Bb7 14. Ne4 Bf4 15. Rc1 Nf5 16. Bb1 Rc8 17. Bxf4 Nxf4 {0-1 (59) Edouard,R (2554)-Andersen,M (2604) Germany 2022}) 11... Nf5 {[%emt 0:00:34] The position is equal.} 12. Qg4 (12. Nxd5 $11 Bxd2 13. Nc3) 12... Nf6 $15 13. Qh3 Qxd4 14. Nf3 Qg4 (14... Qb6 {is more complex.} 15. Bd3 Rd8 16. Ne5 Qd4) 15. Qxg4 Nxg4 16. h3 Nf6 17. g4 Ne7 18. a3 Bd6 19. Bg5 Ned5 20. Bxf6 Nxf6 21. Rfd1 Bf4 22. Ne2 (22. g5 $15 Nh5 23. h4) 22... Bc7 23. Nc3 h6 24. Rd2 Bf4 25. Rd3 (25. Rd4 $17 e5 26. Rd3) 25... e5 (25... a6 $19 26. Ba4 b5) 26. Re1 a6 27. Ba4 b5 28. Bb3 Bb7 {[%emt 0:02:37] A strong pair of Bishops.} 29. Nd5 (29. Nxe5 $15 Rae8 30. Nf3) 29... Nxd5 $19 30. Bxd5 Rad8 31. Red1 Bxd5 ({But not} 31... e4 {[#]} 32. Bxf7+ $1 Kxf7 33. Rxd8 Rxd8 34. Rxd8 $14) 32. Rxd5 Rxd5 33. Rxd5 e4 34. Nd4 Rc8 35. Nf5 {[%emt 0:00:16] [#] Hoping for Ne7+.} Rc1+ {[%emt 0:00:23] Weighted Error Value: White=0.19 (very precise) /Black=0.12 (very precise)} 0-1

[Event "Romanian Rapid Open 2022"]
[Site "Sebes"]
[Date "2022.12.02"]
[Round "5.23"]
[White "Tariceanu, Victor"]
[Black "Filip, Andrei"]
[Result "0-1"]
[ECO "C00"]
[WhiteElo "1720"]
[BlackElo "2331"]
[Annotator "TA"]
[PlyCount "86"]
[EventDate "2022.12.02"]
[EventType "rapid"]
[EventCountry "ROU"]
[SourceTitle "playchess.com"]
[Source "ChessBase"]
[SourceQuality "1"]
[TimeControl "600+5"]

1. e4 c5 2. g3 e6 3. Bg2 d5 4. exd5 exd5 5. d4 cxd4 6. Qxd4 {[%emt 0:00:03] C00: French: Unusual White 2nd moves.} Nf6 7. Bg5 {[%emt 0:00:21] [#]} Nc6 $146 ({Predecessor:} 7... Be7 8. Nc3 Nc6 9. Qd2 d4 10. Bxf6 Bxf6 11. Nd5 O-O 12. Nxf6+ Qxf6 13. O-O-O Bf5 14. Ne2 Rfd8 15. Nf4 Rac8 16. Nd3 {½-½ (31) Nyta,Z (2052)-Karlik,V (2284) Valasska Bystrice 2013}) 8. Qe3+ {[%emt 0:00:18] The position is equal.} Be6 $1 {[%emt 0:00:17] Threatens to win with ...d4.} 9. Ne2 Qa5+ 10. c3 (10. Qd2 $11) 10... Bc5 $17 11. Qd2 Be7 {[%emt 0:00:55] Black is more active.} (11... Qb6 $1 $17 12. Be3 Bxe3 13. fxe3 Ne5) 12. O-O $11 O-O 13. a4 h6 14. b4 Qd8 15. Be3 Ne4 16. Qb2 Bf6 17. Rd1 {[%emt 0:00:29] And now Bxe4 would win.} Qc7 (17... Qe8 $11) 18. f3 (18. Nd2 $14) 18... Nd6 {[%emt 0:00:03] White should prevent ...Nc4.} 19. Na3 Ne5 (19... a5 $5 20. b5 (20. Nb5 Nxb5 21. axb5 Ne5 $15) 20... Ne5 $11) 20. Bf4 (20. Bd4 $11) 20... Qb6+ (20... Nec4 {simplifies} 21. Nxc4 Nxc4 22. Bxc7 Nxb2 23. Rd2 Nc4) 21. Kh1 Nec4 22. Nxc4 Nxc4 23. Qc2 Ne3 {[%emt 0:00:22] Inhibits a5.} (23... a5 $1 $17 24. b5 Rfe8) 24. Bxe3 Qxe3 25. Nd4 Rac8 26. Rd3 Qg5 27. f4 Qg6 28. Qd2 Rc4 29. Rf1 {[%emt 0:00:27] aiming for f5.} Bxd4 30. Rxd4 Rfc8 31. Rc1 ({Much worse is} 31. Bxd5 Bxd5+ 32. Rxd5 Rxc3 33. Rd8+ Rxd8 34. Qxd8+ Kh7 $15) 31... Qf6 {[%emt 0:00:25][%cal Of6d4] ...Qxd4! is the strong threat.} 32. Rd3 (32. Bxd5 $2 {too greedy.} Rxd4 33. cxd4 Rxc1+ 34. Qxc1 Bxd5+ $19) (32. Rxc4 $11 Rxc4 33. Bxd5 Bxd5+ 34. Qxd5 Rxc3 35. Rxc3 Qxc3 36. b5) 32... d4 $1 $19 33. Bxb7 dxc3 34. Qf2 R8c7 35. Qxa7 $2 (35. Bf3) 35... Bc8 36. Qa8 Rxb7 37. Re3 Qc6+ 38. Kg1 Qb6 39. Rce1 Rb8 (39... c2 $142 40. Qa6 Qxa6 41. Re8+ Kh7 42. f5 c1=Q 43. b5 {[#]} Rc2 $1 44. R8e2 Rxe2 45. Rxc1 Qb6+ 46. Kh1 Qf2 $1 47. Rxc8 Qxh2#) 40. Qd5 Be6 41. Qe5 c2 42. Rc1 Qxb4 (42... Rd8 $142 43. Kg2 Rd5) 43. Kh1 Qb2 {[%emt 0:00:07] Weighted Error Value: White=0.96/Black=0.38} (43... Qb7+ $142 44. Kg1 Bh3 45. Re2 Rd8 46. Qa1 Qa7+ 47. Kh1 Rxa4 48. Qxa4 Qxa4 49. Rce1 Rd1 50. Kg1 Qa7+ 51. Kh1 Rxe1+ 52. Rxe1 Qb7+ 53. Kg1 Qg2#) 0-1

[Event "Romanian Rapid Open 2022"]
[Site "Sebes"]
[Date "2022.12.02"]
[Round "5.24"]
[White "Tampea, Radu"]
[Black "Ghita, Vlad-Bogdan"]
[Result "1/2-1/2"]
[ECO "A44"]
[WhiteElo "2110"]
[BlackElo "1938"]
[Annotator "TA"]
[PlyCount "58"]
[EventDate "2022.12.02"]
[EventType "rapid"]
[EventCountry "ROU"]
[SourceTitle "playchess.com"]
[Source "ChessBase"]
[SourceQuality "1"]
[TimeControl "600+5"]

1. d4 c5 2. d5 Nf6 3. Nc3 e5 4. e4 d6 5. a4 Be7 6. Bb5+ {[%emt 0:00:01] A44: Semi-Benoni.} Nbd7 7. Nf3 O-O 8. O-O {[%emt 0:00:02] White is better.} Ne8 9. Nd2 {[%emt 0:00:15] White is much more active.} Bg5 10. Bd3 g6 11. Nc4 {[%emt 0:00:03] [#]} Nb6 $146 ({Predecessor:} 11... Bxc1 12. Qxc1 Qe7 13. f4 exf4 14. Qxf4 Ne5 15. Nxe5 Qxe5 16. Qxe5 dxe5 17. Nb5 Bd7 {1-0 (43) Bilchinski,A (2015)-Heer,S (1942) Bayern 2013}) 12. Nxb6 (12. Bxg5 {is more complex.} Qxg5 13. Qd2 Qh4 14. Ne3) 12... axb6 13. Nb5 (13. Bxg5 {is interesting.} Qxg5 14. f4 exf4 15. Qd2) 13... Bxc1 14. Qxc1 Nc7 15. f4 exf4 16. Qxf4 Nxb5 17. Bxb5 Qc7 $2 {[%emt 0:00:42] [#]} ({Black should play} 17... f6 $14) 18. Rae1 $2 (18. Qf6 $18) 18... Bd7 19. e5 $36 {[%emt 0:02:53][%mdl 2048] White is really pushing.} dxe5 20. Qxe5 Qxe5 21. Rxe5 Bxb5 22. axb5 $16 {[%emt 0:00:01][%mdl 4096] Endgame KRR-KRR} Rfe8 $2 {[%emt 0:00:22] Inhibits Re7.} (22... c4 $1 $14) 23. Rfe1 $2 (23. Rxe8+ $18 Rxe8 24. Rf6) 23... Rxe5 $14 24. Rxe5 {[%emt 0:00:01] KR-KR} Ra4 (24... Kg7 $14) 25. Re7 $18 Rd4 26. Rxb7 Rxd5 27. Rxb6 Rd1+ 28. Kf2 {[%emt 0:00:01] Threatens to win with Ke2.} Rd2+ {[%emt 0:00:01] [#]} 29. Kf3 (29. Ke3 $1 $16 Rxc2 30. b4 (30. Rb8+ Kg7 $11) 30... Rc3+ 31. Kd2) 29... Rxc2 {[%emt 0:00:01] Weighted Error Value: White=0.54/Black=0.32} 1/2-1/2

[Event "Romanian Rapid Open 2022"]
[Site "Sebes"]
[Date "2022.12.02"]
[Round "5.25"]
[White "Ceteras, Marius-Nicolae"]
[Black "Cristea, Virgil"]
[Result "1-0"]
[ECO "D34"]
[WhiteElo "2391"]
[BlackElo "1493"]
[Annotator "TA"]
[PlyCount "97"]
[EventDate "2022.12.02"]
[EventType "rapid"]
[EventCountry "ROU"]
[SourceTitle "playchess.com"]
[Source "ChessBase"]
[SourceQuality "1"]
[TimeControl "600+5"]

1. d4 d5 2. c4 e6 3. Nf3 Nf6 4. g3 c5 5. cxd5 exd5 6. Bg2 Nc6 7. O-O h6 8. Nc3 Be6 9. b3 Be7 10. Bb2 O-O 11. dxc5 Bxc5 12. Na4 Be7 13. Rc1 Rc8 14. Nd4 {[%emt 0:00:15] D34: Tarrasch Defence: 6 g3 Nf6 7 Bg2 Be7.} Nxd4 15. Qxd4 b6 16. Rfd1 {[%emt 0:01:19] The position is equal.} Rxc1 17. Rxc1 Qd7 18. Rd1 {[%emt 0:00:25] [#]} Qc7 $146 ({Predecessor:} 18... Rd8 19. e3 Ne8 20. Qd2 Bf6 21. Bxf6 Nxf6 22. Nc3 Kf8 23. Qd4 Kg8 24. a4 Bg4 {1-0 (34) Gutierrez Valero,M (1945)-Ramoneda Rumi,G (1716) Padron 2008}) 19. Nc3 Bc5 20. Qd2 Ng4 ({Black should play} 20... Qe7 $14) 21. e3 $16 (21. Nxd5 $2 {is the wrong capture.} Bxd5 22. Qxd5 (22. Bxd5 $2 Nxf2 23. Kf1 Nxd1 $19) 22... Nxf2 $19) 21... Nf6 22. Nxd5 ({Weaker is} 22. Bxd5 Rd8 23. Nb5 Qc8 24. Bxf6 (24. Nxa7 $2 {perishes.} Qa6 $19) 24... Rxd5 $11) 22... Nxd5 23. Bxd5 Qe7 24. Qc3 {[%emt 0:00:44][%csl Gb2][%cal Rc3g7] [#]} f6 25. Qc4 Bxd5 26. Rxd5 Kh8 27. Qd3 {[%emt 0:00:03] White is more active.} Re8 $2 {[%emt 0:00:21] Loses the game.} (27... Qe6 $16 {is a better defense.} 28. Rd7 a5) 28. Rd7 $18 Qe6 29. Rxa7 Re7 30. Rxe7 Qxe7 {[%emt 0:00:13][%mdl 4096] Endgame KQB-KQB} 31. Qd5 Kh7 32. Kg2 Ba3 33. Bd4 Bc5 (33... b5 $142 34. Qf5+ Kh8 35. Qc8+ Kh7) 34. Bxc5 bxc5 {[%emt 0:00:03] KQ-KQ} 35. a4 {[%emt 0:00:01] [#] And now Qa8 would win.} Qa7 {[%emt 0:00:10] Prevents Qa8.} 36. h4 Qb6 37. e4 (37. Qe4+ $142 f5 38. Qxf5+ Kh8 39. Qf8+ Kh7 40. Qa8) 37... g6 38. Qf7+ {[%emt 0:00:10] White mates.} Kh8 39. Qxg6 Qxb3 40. Qxh6+ Kg8 41. Qg6+ Kf8 42. Qxf6+ Kg8 43. a5 Qa4 44. Qg6+ Kh8 45. a6 c4 46. Qf6+ Kg8 47. Qd8+ Kh7 48. Qc7+ Kg8 49. a7 {[%emt 0:00:00] Weighted Error Value: White=0.24 (precise) /Black=0.50} 1-0

[Event "Romanian Rapid Open 2022"]
[Site "Sebes"]
[Date "2022.12.02"]
[Round "5.26"]
[White "Roncea, Radu"]
[Black "Nastore, Pavel-Alexandru"]
[Result "0-1"]
[ECO "A35"]
[WhiteElo "1600"]
[BlackElo "2218"]
[Annotator "TA"]
[PlyCount "98"]
[EventDate "2022.12.02"]
[EventType "rapid"]
[EventCountry "ROU"]
[SourceTitle "playchess.com"]
[Source "ChessBase"]
[SourceQuality "1"]
[TimeControl "600+5"]

1. d4 Nf6 2. c4 c5 3. e3 cxd4 4. exd4 g6 5. Nf3 Bg7 6. Nc3 O-O 7. Be2 d5 8. cxd5 Nxd5 9. O-O Nc6 10. Be3 b6 {[%emt 0:02:51] A35: Symmetrical English: 2 Nc3 Nc6 3 Nf3.} 11. Rc1 Bb7 12. Qd2 Nxe3 {[%emt 0:00:10] Black is slightly better.} 13. fxe3 {[%emt 0:00:02] [#]} Qd7 $146 ({Predecessor:} 13... Rc8 14. Rfd1 Qd7 15. e4 Rfd8 16. d5 Ne5 17. Nxe5 Bxe5 18. h3 a6 19. Qe3 Qd6 {0-1 (51) Sofronie,I (2621)-Turov,M (2695) Playchess.com INT 2005}) 14. a3 Rac8 15. Bb5 {[%emt 0:00:12] Hoping for d5.} a6 {[%emt 0:00:01] Inhibits d5.} 16. Ba4 b5 {[%emt 0:00:02] Prevents d5.} 17. Bb3 Na5 18. Ba2 Nc4 (18... e5 {feels hotter.} 19. Ne2 Bxf3 20. Rxc8 Rxc8 21. Rxf3 Nc4) 19. Bxc4 Rxc4 20. Ne2 Rfc8 (20... Bxf3 {simplifies} 21. Rxf3 Rxc1+ 22. Nxc1 Rd8) 21. Rxc4 Rxc4 22. Rc1 Rxc1+ 23. Nxc1 e5 24. Ne2 exd4 25. Nexd4 Qg4 26. Qf2 Qe4 27. h3 (27. Qe1 $17) 27... Bh6 {[%emt 0:00:03] This pair of bishops is nice.} 28. Nc2 Qd3 {[%emt 0:00:03] ...Qb3 is the strong threat.} 29. Ne5 (29. Qd2 $17 Qb3 30. Qc3 (30. Qd8+ $2 Bf8 $19) 30... Qxc3 31. bxc3) 29... Qd1+ 30. Kh2 (30. Qf1 $17 {might work better.} Qd5 31. Nf3) 30... Qd5 $19 {[%emt 0:00:02] Active counter play!} 31. Nf3 {[%emt 0:00:35] [#]} Qc5 (31... Qb3 $1 $19 {and Black stays clearly on top.} 32. Ncd4 Qxe3 33. Qxe3 Bxe3) 32. Ncd4 $2 (32. Nfd4 $17) 32... Qc7+ 33. Qg3 Qxg3+ 34. Kxg3 Bxe3 {[%emt 0:00:02][%mdl 4096] Endgame KBB-KNN} 35. Nc2 Bc1 36. b4 (36. b3 {was forced.}) 36... Be4 37. Nfd4 f5 38. Kf2 h5 39. g4 hxg4 40. hxg4 fxg4 41. Kg3 (41. Nb3 $142 Bf4 42. Ne1) 41... Bf5 42. Kf2 Kf7 43. Ke2 Kf6 44. Kd1 Bb2 {[%emt 0:00:03] White must now prevent ...g3.} 45. Nc6 Bxc2+ 46. Kxc2 Bxa3 {[%emt 0:00:04] ( -> ...g3)} 47. Kb3 {[%emt 0:00:15] [#] Inhibits g3.} g3 $1 {[%emt 0:00:04][%cal Bg4g3,Bg3g2][%mdl 32] Black mates.} 48. Nd4 g2 49. Ne2 {[%emt 0:00:09] [#]} Bc1 $1 {[%emt 0:00:02][%mdl 512] Weighted Error Value: White=0.74/Black=0.13 (very precise)} 0-1

[Event "Romanian Rapid Open 2022"]
[Site "Sebes"]
[Date "2022.12.02"]
[Round "5.27"]
[White "Lup, Constantin-Ionel"]
[Black "Cordea, David"]
[Result "1-0"]
[ECO "E69"]
[WhiteElo "1739"]
[BlackElo "2049"]
[Annotator "TA"]
[PlyCount "163"]
[EventDate "2022.12.02"]
[EventType "rapid"]
[EventCountry "ROU"]
[SourceTitle "playchess.com"]
[Source "ChessBase"]
[SourceQuality "1"]
[TimeControl "600+5"]

1. c4 g6 2. g3 Bg7 3. Bg2 c6 4. Nf3 Nf6 5. O-O O-O 6. d4 d6 7. Nc3 Nbd7 8. e4 e5 9. h3 Qc7 10. Be3 Re8 11. dxe5 {[%emt 0:01:50] E69: King's Indian: Fianchetto: 6...Nbd7 7 0-0 e5 8 e4 c6 9 h3.} Nxe5 12. Nxe5 dxe5 13. Qc2 {[%emt 0:00:33] [#] The position is equal.} Nd7 $146 ({Predecessor:} 13... Be6 14. b3 Rad8 15. Rfd1 b6 16. Rxd8 Rxd8 17. Rd1 Rd7 18. Kh2 Bf8 19. Rxd7 Nxd7 {0-1 (45) Piiroinen,T (1890)-Heino,J (2058) Naantali 2014}) 14. Rad1 Nf8 15. b3 Ne6 16. Ne2 c5 17. Nc3 Nd4 {[%emt 0:00:02] Prevents f4.} 18. Nd5 Qd6 19. Qd3 Bd7 20. Kh2 f5 21. f4 Kh8 22. Rde1 Rf8 23. exf5 Bxf5 24. Be4 Rae8 25. Bxf5 Nxf5 26. Bd2 b6 27. Bc3 (27. fxe5 {is more complex.} Bxe5 28. Kg2 b5 29. g4) 27... exf4 (27... Kg8 {keeps more tension.} 28. g4 Nd4 29. fxe5 Rxe5 30. Rxf8+ Qxf8 31. Kg2 Qe8) 28. Bxg7+ Nxg7 (28... Kxg7 {feels hotter.} 29. Qc3+ Nd4 30. Nxf4 Re7) 29. Nxf4 Qxd3 30. Nxd3 Rxf1 31. Rxf1 $11 {[%emt 0:00:02][%mdl 4096] Endgame KRN-KRN} Kg8 32. Kg2 Nf5 {[%emt 0:00:02] And now ...Ne3+ would win.} 33. Rf3 Nd4 34. Rf2 Kg7 35. Nf4 Re3 36. Nd5 Rd3 37. g4 Rd1 38. Kg3 Re1 39. Kg2 h6 40. h4 Re4 41. Kg3 h5 42. gxh5 gxh5 43. Nf4 Kh6 44. Rh2 (44. Nd5 $11) 44... Nf5+ $17 45. Kf3 Re3+ 46. Kf2 Rc3 $1 47. Ne6 (47. Ke1 $17 {was called for.}) 47... Rc2+ $1 $19 48. Kg1 {[%emt 0:00:00] [#]} Rc1+ (48... Rxh2 $1 $19 49. Kxh2 Nxh4) 49. Kg2 $11 Rc2+ 50. Kh3 $2 (50. Kg1 $11 Rxh2 51. Kxh2) 50... Rxh2+ $2 (50... Rc3+ 51. Kg2 Ne3+ 52. Kg1 Rc1+ 53. Kf2 Ng4+ 54. Kg3 Rc3+ 55. Kf4 Nxh2) 51. Kxh2 $19 Nxh4 {[%emt 0:00:01] KN-KN} 52. Nc7 Kg5 $2 (52... Nf3+ $19 53. Kg3 Nd4) 53. Nb5 $1 $11 Nf3+ 54. Kg3 Nd4 55. Nxa7 h4+ 56. Kh2 Kg4 57. Nb5 Nf3+ 58. Kh1 h3 59. Nc3 Nd2 60. Nd5 Kg3 {[%emt 0:00:01] ( -> ...Ne4)} 61. Nc3 {[%emt 0:00:04] Inhibits Ne4.} Kg4 (61... h2 $1 $15) 62. Nd5 Kg3 (62... Kh4 $11) 63. Nc3 $1 $15 Kg4 (63... h2 $1 $15) 64. Nd5 $11 Kg3 ({Black should play} 64... Kh4 $11) 65. Nc3 $1 $15 Kf3 ({Better is} 65... h2 $1 $15) 66. Kh2 Kg4 67. Nd5 Nf3+ 68. Kh1 Kg3 69. Nc3 Nd2 70. Ne2+ $1 Kf3 71. Nc3 $2 {[%emt 0:00:02][%mdl 8192] [#]} (71. Ng1+ $11 Kg4 72. Ne2) 71... Ke3 $2 (71... Ne4 $1 {mates} 72. Nxe4 Kxe4 73. Kh2 Kd4 74. Kxh3 Kc3 75. Kg3 Kb2 76. Kf4 Kxa2 77. Ke5 Kxb3 78. Kd5 Kb4 79. Ke5 Kxc4 80. Ke4 b5 81. Kf3 b4 82. Ke3 b3 83. Kd2 Kd4 84. Kd1 c4 85. Kc1 c3 86. Kb1 Kd3 87. Kc1 b2+ 88. Kb1 Kd2 89. Ka2 Kc2 90. Ka3 b1=Q 91. Ka4 Qb6 92. Ka3 Qb3#) 72. Nd5+ $11 Kf2 73. Kh2 (73. Nxb6 Kg3 74. Nd5 Ne4) 73... Ke2 74. Nxb6 {[%emt 0:00:05] aiming for Nd7.} (74. Kxh3 {simplifies} Kd3 75. Kg4 Nxc4 76. bxc4 Kxc4 77. Nxb6+ Kb4 78. Kf4) 74... Kd3 $1 75. Nd7 Nxc4 $2 76. Nxc5+ {[%emt 0:00:11] White mates.} ({Weaker is} 76. bxc4 Kxc4 77. Kg3 (77. Kxh3 Kb4 $11) 77... Kb4 $11) 76... Kc3 77. Ne4+ Kb4 78. bxc4 Kxc4 79. Nd2+ Kc3 80. Nb1+ Kc2 {[%emt 0:00:02] [#]} 81. a4 $1 Kb3 (81... Kc1 82. a5) 82. a5 {[%emt 0:00:01] Weighted Error Value: White=0.25 (precise) /Black=0.25 (precise)} ({Stronger than} 82. Kxh3 Kxa4 $11) 1-0

[Event "Romanian Rapid Open 2022"]
[Site "Sebes"]
[Date "2022.12.02"]
[Round "5.28"]
[White "Ambru, Dan-Calin"]
[Black "Sandru, Nicolae"]
[Result "1-0"]
[ECO "D36"]
[WhiteElo "1957"]
[BlackElo "1647"]
[Annotator "TA"]
[PlyCount "124"]
[EventDate "2022.12.02"]
[EventType "rapid"]
[EventCountry "ROU"]
[SourceTitle "playchess.com"]
[Source "ChessBase"]
[SourceQuality "1"]
[TimeControl "600+5"]

1. d4 d5 2. c4 e6 3. Nc3 Nf6 4. cxd5 exd5 5. Bg5 c6 6. e3 Be7 7. Qc2 Nbd7 8. Bd3 O-O 9. Nge2 Re8 10. O-O Nf8 11. f3 h6 {[%emt 0:00:03] 11...g6 is setting a new trend.} 12. Bh4 N6h7 {[%emt 0:00:09] D36: Queen's Gambit Declined: Exchange Variation: Main line (5 Bg5 c6 6 Qc2).} 13. Bxe7 Qxe7 14. e4 dxe4 $1 {[%emt 0:00:39] White is slightly better.} 15. fxe4 (15. Nxe4 Bf5 $11) 15... Bg4 {[%emt 0:00:05] [#]} 16. h3 $146 ({Predecessor:} 16. Rae1 Bxe2 17. Rxe2 Rad8 18. d5 Qe5 19. Ref2 Qd4 20. Kh1 Nf6 21. h3 Ng6 22. Ne2 {1-0 (39) Savvopulo,A (2005)-Saratovskiy,D (2035) Yalta 2022}) 16... Bh5 (16... Bxe2 $11 17. Nxe2 (17. Qxe2 Rad8 $11) 17... Ng5) 17. Nf4 $16 Bg6 18. Nxg6 Nxg6 19. e5 Nhf8 20. Ne4 {[%emt 0:00:34] aiming for Nd6. White has more active pieces.} Ne6 21. Nd6 Nxd4 22. Qc4 {[%emt 0:00:29] [#]} (22. Qf2 $14 {stays ahead.} Nxe5 23. Nxe8 (23. Qxd4 Rad8 $11) 23... Rxe8 24. Qxd4) 22... Nxe5 (22... Nf3+ $1 $17 23. Rxf3 (23. gxf3 Nxe5 $17) 23... Nxe5) 23. Qxd4 $11 Rad8 {[%emt 0:00:02] [#]} (23... c5 {is more complex.} 24. Qd5 Rad8 25. Rfd1 Rxd6 26. Qxd6 Qxd6 27. Bh7+ Kxh7 28. Rxd6 Re7) 24. Rad1 $1 {[%emt 0:01:57] Black must now prevent Bc2.} Rxd6 {[%emt 0:01:35] [#]} (24... Qxd6 {simplifies} 25. Bh7+ Kxh7 26. Qxd6 Rxd6 27. Rxd6 Re7) 25. Qxd6 Qxd6 {[%emt 0:00:05] [#]} (25... Nf3+ $2 26. Rxf3 Qxd6 27. Bh7+ $1 Kxh7 28. Rxd6 $18) 26. Bh7+ {[%emt 0:00:02][%mdl 64] Discovered Attack} Kxh7 (26... Kh8 27. Rxd6) 27. Rxd6 {[%emt 0:00:03][%mdl 4096] Endgame KRR-KRN} f6 28. Kf2 Re7 29. Re1 Kg6 30. g4 h5 31. Kg3 hxg4 32. hxg4 Kg5 33. Rd4 a6 34. b4 Rc7 35. Rc1 Re7 36. Re1 Rf7 37. Rh1 Re7 38. Re4 Rd7 39. Rhe1 $1 Rd2 40. R1e2 Rd5 41. a4 (41. Re1 $15) 41... Ng6 (41... b6 $1 $17 42. Kg2 c5 43. bxc5 bxc5) 42. R2e3 Rd1 43. Re8 Ne5 44. Rb8 (44. Re7 $11 {keeps the balance.}) 44... b5 $17 {[%emt 0:00:14] Threatens to win with ...Rg1+.} 45. axb5 (45. Ra8 $17 {was necessary.}) 45... axb5 $19 ({Stronger than} 45... cxb5 46. Ra3 $17) 46. Re4 (46. Rg8 $142 g6 47. Re4) 46... Rg1+ 47. Kh3 Rf1 $2 ({Inferior is} 47... Rxg4 48. Rxg4+ Nxg4 49. Rb7 $17) (47... Nxg4 $19 48. Rd4 f5) 48. Re8 $2 (48. Rg8 $1 $11 {and White is okay.}) 48... Rf3+ 49. Kg2 {[%emt 0:00:03] [#]} Rb3 ({Better is} 49... Rc3 $1 $17 {...Rc4 is the strong threat.} 50. Rg8 g6) 50. Re7 $1 $11 Kg6 (50... Nxg4 $2 51. Rxg7+ Kf5 52. Rgxg4 $18) 51. Re6 Kf7 (51... Rb2+ {seems wilder.} 52. Kg3 Kg5 53. Re7 g6) 52. Rd6 Rc3 53. Rd2 Rb3 (53... Kg6 $15) 54. Rf2 {[%emt 0:00:05] [#]} (54. Rd6 $11) 54... Nd3 (54... Kg6 $1 $17) 55. Rf3 $2 (55. Rd2 $1 $11 {and White stays safe.}) 55... Rxb4 $19 56. Rxb4 Nxb4 {[%emt 0:00:01] KR-KN} 57. Rc3 Ke6 58. Kf3 g6 59. Re3+ Kd6 60. Re8 Nd5 {[%emt 0:00:06] Inhibits g5.} 61. Ke4 $2 (61. Ke2) 61... f5+ 62. gxf5 {[%emt 0:00:04] Strongly threatening Re6+.} Nf6+ {[%emt 0:00:04][%mdl 32768] Weighted Error Value: White=0.64/Black=0.29 (precise) . Loss on time!?} 1-0

[Event "Romanian Rapid Open 2022"]
[Site "Sebes"]
[Date "2022.12.02"]
[Round "5.30"]
[White "Kedves, Lorand"]
[Black "Coicev, Matei-Andrei"]
[Result "0-1"]
[ECO "A45"]
[WhiteElo "1641"]
[BlackElo "2009"]
[Annotator "TA"]
[PlyCount "91"]
[EventDate "2022.12.02"]
[EventType "rapid"]
[EventCountry "ROU"]
[SourceTitle "playchess.com"]
[Source "ChessBase"]
[SourceQuality "1"]
[TimeControl "600+5"]

1. d4 Nf6 2. Bf4 c5 3. e3 Nd5 4. Bg3 Qb6 5. b3 cxd4 6. Qxd4 {[%emt 0:00:23] A45: Trompowsky Attack.} (6. exd4 $5 e6 7. c3 $14) 6... Qxd4 7. exd4 Nc6 8. c3 {[%emt 0:00:23] The position is equal.} (8. c4 Ndb4 9. Na3 Nxd4 $15) 8... g6 9. Nf3 {[%emt 0:00:15] [#]} Bg7 $146 ({Predecessor:} 9... Bh6 10. Bc4 Nb6 11. Bd3 Bc1 12. a4 Nd5 13. Ra2 d6 14. Nfd2 Bf5 {0-1 (14) Turkmen,Y (1877)-Bazakutsa,S (1900) Tornelo INT 2020}) 10. Bc4 Nf6 (10... e6 11. Bxd5 exd5 12. Na3 $16) 11. Nbd2 d5 12. Bb5 Bd7 13. O-O O-O 14. Bxc6 Bxc6 15. Ne5 Rac8 16. Rfe1 e6 (16... Bh6 $5 17. Ndf3 e6 $11) 17. h3 Bh6 18. Nef3 Bb5 19. a4 Bd3 20. Bd6 Rfe8 21. Bb4 Ne4 $1 {[%emt 0:01:16] Black is more active.} 22. Nxe4 Bxe4 {[%emt 0:00:02] A strong pair of Bishops.} 23. Ra2 Bxf3 24. gxf3 Kg7 25. Kg2 Kf6 26. Rae2 Rc6 (26... Bf8 $17 {Strongly threatening ...Bxb4.} 27. Bxf8 Rxf8) 27. a5 {[%emt 0:00:33] [#]} ({White should play} 27. c4 $1 $15) 27... Bf8 $1 $19 28. Bxf8 Rxf8 {[%emt 0:00:01][%mdl 4096] Endgame KRR-KRR} 29. Rc2 Rfc8 30. Rec1 {[%emt 0:00:03] [#]} Ra6 $1 31. b4 Rac6 {[%emt 0:00:01] Against c4} 32. Kg3 a6 33. Kf4 Rc4 {[%emt 0:00:04] Hoping for ...e5+.} 34. Ke3 Kg5 35. Kd3 Kf4 36. Ke2 {[%emt 0:00:23] Now White is beyond hope.} (36. Re1 $17) 36... f6 37. h4 h5 38. Kd3 (38. Rg1 $142 Kf5 39. Kd2) 38... e5 ({Not} 38... Kxf3 39. Rg1 $17) 39. dxe5 fxe5 ({Inferior is} 39... Kxf3 40. exf6 Rxh4 41. Re2 $15) 40. Rg1 R8c6 ({Weaker is} 40... Kxf3 41. Rg3+ Kf4 42. Rxg6 $17) 41. Rgc1 (41. Kd2 $142) 41... Kxf3 {[%emt 0:00:11][%cal Od5d4] Black is clearly winning.} 42. Rg1 e4+ 43. Kd2 Kxf2 44. Rg5 Kf3 {[%emt 0:00:46] Threatens to win with ...d4.} 45. Rxd5 e3+ 46. Kd3 {[%emt 0:00:28] Weighted Error Value: White=0.52/Black=0.10 (very precise)} 0-1